 Dungeon Crawl Stone Soup version 0.31-a0-190-g4feb4907b2 (webtiles) character file.

Game seed: 8756959172488624515

412 qw the Skirmisher (level 6, -3/35 HPs)
             Began as a Deep Elf Hunter on June 23, 2023.
             Slain by an ice beast (11 damage)
             ... on level 5 of the Dungeon.
             The game lasted 00:01:24 (3538 turns).

qw the Skirmisher (Deep Elf Hunter)                 Turns: 3538, Time: 00:01:25

Health: -3/35      AC:  7    Str: 10    XL:     6   Next: 59%
Magic:  8/8        EV: 11    Int: 14    God:
Gold:   310        SH:  0    Dex: 18    Spells: 5/5 levels left

rFire   + . .        j - +2 orcbow (heavy)
rCold   . . .        (shield currently unavailable)
rNeg    . . .        g - +0 ring mail {rF+}
rPois   .            l - +0 helmet
rElec   .            f - +0 cloak
rCorr   .            (no gloves)
SInv    .            (no boots)
Will    +....        (no amulet)
Stlth   +            h - ring of willpower
HPRegen 0.25/turn    (no ring)
MPRegen 0.11/turn

%: no passive effects
@: no status effects
A: no striking features
a: no special abilities


You were on level 5 of the Dungeon.
You visited 1 branch of the dungeon, and saw 6 of its levels.

You collected 310 gold pieces.


   Skills:
 - Level 2.0 Fighting
 - Level 10.0 Ranged Weapons
 - Level 1.0 Armour
 + Level 2.4 Dodging
 - Level 1.2 Stealth


You had 5 spell levels left.
You didn't know any spells.
Your spell library was empty.

Inventory:

Hand Weapons
 j - a +2 heavy orcbow (weapon)
Armour
 f - a +0 cloak (worn)
 g - a +0 ring mail of fire resistance (worn)
 k - a +1 leather armour of cold resistance
 l - a +0 helmet (worn)
 n - the +0 leather armour of the Demon Prince {rPois rN++ Will- Str+2}
   (You found it on level 5 of the Dungeon)

   Str:       It affects your strength (+2).
   rPois:     It protects you from poison.
   rN:        It greatly protects you from negative energy.
   Will:      It decreases your willpower.
Jewellery
 h - a ring of willpower (left hand)
Scrolls
 d - a scroll of identify
Potions
 a - a potion of attraction {unknown}
 b - a potion of heal wounds {unknown}
 c - a potion of mutation {unknown}
 e - a potion of resistance {unknown}
 i - a potion of cancellation
 m - a potion of curing {unknown}

Dungeon Overview and Level Annotations

Branches:
Dungeon (6/15)
 Temple: D:4-7

Altars:
Fedhas
Hepliaklqana
Uskayaw

Shops:
D:4 :


Message History

The arrow completely misses the ice beast.
You shoot an arrow. The arrow hits the ice beast.
The ice beast is lightly wounded.
Enter note:
Enter note:
Enter note:
Enter note:
Enter note:
Enter note:
Enter note:
Enter note:
Enter note:
Enter note:
Enter note:
Enter note:
Enter note:
Enter note:
Enter note: You shoot an arrow.
The arrow closely misses the ice beast.
The ice beast hits you. The ice beast freezes you!
The ice beast hits you but does no damage.
You shoot an arrow. The arrow hits the ice beast!
The ice beast is moderately wounded.
The ice beast hits you but does no damage. x2
You shoot an arrow.
The arrow hits the ice beast but does no damage.
The ice beast is moderately wounded.
The ice beast hits you but does no damage.
You shoot an arrow. The arrow hits the ice beast.
The ice beast is heavily wounded.
The ice beast barely misses you.
The ice beast hits you but does no damage.
You shoot an arrow. The arrow hits the ice beast.
The ice beast is heavily wounded.
The ice beast hits you. The ice beast freezes you!
The ice beast completely misses you.
You shoot an arrow. The arrow hits the ice beast!
The ice beast is almost dead.
The ice beast hits you. The ice beast freezes you!
You die...

...............#
....%..........#
..............####
..............^..#######
........................
#.......................
#....#..........#####..
##$....#...####### ###
#.....Y@..## #
...<......# #
......?...# #
....###...# ### ##..#
##.. ..# ..#


You could see an ice beast.

Vanquished Creatures
  An ice beast (D:5)
  A phantom (D:5)
  2 iguanas
  Ijyb (D:3)
  7 adders
  3 ufetubi (D:5)
  2 worms
  4 dart slugs
  12 orcs
  10 bats
  3 endoplasms
  2 giant cockroaches
  5 hobgoblins
  2 jackals (D:2)
  2 quokkas
  5 ball pythons
  4 frilled lizards
  3 goblins
  7 kobolds
  5 rats
81 creatures vanquished.

Notes
Turn   | Place    | Note
-------+----------+-------------------------------------------
     0 | D:1      | qw the Deep Elf Hunter began the quest for the Orb.
     0 | D:1      | Reached XP level 1. HP: 12/12 MP: 3/3
     0 | D:1      | 0 ||| qw: Version: 0.3-a-9-g12657ce
     0 | D:1      | 0 ||| qw: Game counter: 4544
     0 | D:1      | 0 ||| qw: Always use a shield: true
     0 | D:1      | 0 ||| qw: God list: Okawaru
     0 | D:1      | 0 ||| qw: Allow faded altars: false
     0 | D:1      | 0 ||| qw: Do Orc after D:15 true
     0 | D:1      | 0 ||| qw: Do second Lair branch before Depths: true
     0 | D:1      | 0 ||| qw: Lair rune preference: random
     0 | D:1      | 0 ||| qw: Plans: Normal
     0 | D:1      | 0 ||| PLANNING D:1-11
    85 | D:1      | 85 ||| READING scroll labelled EREATU HASHU.
    86 | D:1      | 86 ||| READING scroll labelled DACEH ZOGOAKU.
    87 | D:1      | 87 ||| DROPPING scroll of butterflies.
   172 | D:1      | Reached skill level 6 in Ranged Weapons
   172 | D:1      | Reached XP level 2. HP: 16/16 MP: 4/4
   200 | D:1      | 200 ||| READING scroll labelled IFFORREOTA.
   211 | D:1      | 211 ||| Stepping ~*~*~tactically~*~*~ (water).
   263 | D:1      | Found a faded altar of an unknown god.
   591 | D:1      | 591 ||| Stepping ~*~*~tactically~*~*~ (water).
   932 | D:2      | Reached XP level 3. HP: 16/20 MP: 5/5
   936 | D:2      | Reached skill level 7 in Ranged Weapons
  1110 | D:2      | Reached XP level 4. HP: 25/25 MP: 6/6
  1401 | D:2      | 1401 ||| UPGRADING to +0 cloak.
  1406 | D:2      | 1406 ||| UPGRADING to +0 ring mail of fire resistance.
  1416 | D:2      | 1416 ||| DROPPING +0 leather armour.
  1417 | D:2      | 1417 ||| READING 2 scrolls labelled QIUNOMNE GEDD.
  1543 | D:3      | 1543 ||| FLEEEEING.
  1544 | D:3      | 1544 ||| FLEEEEING.
  1545 | D:3      | 1545 ||| FLEEEEING.
  1555 | D:3      | 1555 ||| STAIRDANCE
  1585 | D:3      | Found a blossoming altar of Fedhas.
  1809 | D:3      | Reached skill level 8 in Ranged Weapons
  1841 | D:3      | Noticed Ijyb
  1854 | D:3      | Killed Ijyb
  2093 | D:3      | Found a hide-covered altar of Uskayaw.
  2184 | D:3      | 2184 ||| UPGRADING to ring of willpower.
  2185 | D:3      | 2185 ||| DROPPING +6 ring of intelligence.
  2186 | D:3      | 2186 ||| DRINKING 2 inky potions.
  2194 | D:3      | 2194 ||| DROPPING potion of ambrosia.
  2234 | D:4      | Reached XP level 5. HP: 29/29 MP: 7/7
  2359 | D:4      | Found Uboeloiqara's Book Emporium.
  2369 | D:4      | 2369 ||| DRINKING 2 brown potions.
  2527 | D:4      | Found a hazy altar of Hepliaklqana.
  2712 | D:4      | 2712 ||| UPGRADING to +0 helmet.
  2717 | D:4      | 2717 ||| READING scroll labelled ACEPAI LUIGYA.
  2718 | D:4      | 2718 ||| READING scroll labelled ECWEFYG DALELY.
  2718 | D:4      | Identified a scroll of acquirement
  2718 | D:4      | 2718 ||| ACQUIRING +2 heavy orcbow
  2718 | D:4      | Acquired a +2 heavy orcbow
  2720 | D:4      | 2720 ||| SWAPPING to +2 heavy orcbow.
  2721 | D:4      | 2721 ||| DROPPING +0 shortbow.
  2751 | D:5      | Entered Level 5 of the Dungeon
  2753 | D:5      | 2753 ||| STAIRDANCE
  2919 | D:5      | Identified the +0 leather armour of the Demon Prince {rPois
                  | rN++ Will- Str+2}
  2958 | D:5      | Reached skill level 9 in Ranged Weapons
  3043 | D:5      | You fall into a shaft and drop 1 floor!
  3083 | D:5      | Reached skill level 1 in Armour
  3215 | D:5      | Noticed an ice beast
  3222 | D:5      | HP: 3/30 [ice beast (5)]
  3223 | D:5      | 3223 ||| READING 2 scrolls of teleportation.
  3224 | D:5      | Killed an ice beast
  3225 | D:5      | Reached XP level 6. HP: 4/35 MP: 8/8
  3230 | D:5      | 3230 ||| READING scroll of teleportation.
  3420 | D:5      | Reached skill level 10 in Ranged Weapons
  3528 | D:5      | Noticed an ice beast
  3538 | D:5      | HP: 8/35 [ice beast (1)]
  3538 | D:5      | Slain by an ice beast

Levels and vault maps discovered:
D:1:      giann_bridges, layout_loops_ring, serial_bayou, serial_bayou_shore_b,
          serial_bayou_shore_b, serial_bayou_lagoon_a, serial_bayou_lagoon_b,
          serial_bayou_lake_a, shapermc_ecumenical_altar_notcrosses,
          minmay_tree_intersection
D:2:      layout_basic
D:3:      layout_loops_ring, mainiacjoe_overflow_surrounded_room,
          fedhas_ov_isle_minmay, uniq_ijyb
D:4:      layout_rooms, nicolae_hepliaklqana_hazy_memory, serial_shops,
          nicolae_book_shop_shelving
D:5:      layout_layer_cave, grunt_ministairs_1, hangedman_minor_gate_pass
D:6:      layout_gridville

Skill      XL: |  1  2  3  4  5  6 |
---------------+-------------------+-----
Ranged Weapons | 6 7 8 9 10 | 10.0
Fighting       | 2 |  2.0
Armour         | 1 |  1.0
Dodging        | |  2.4
Stealth        | |  1.2

Action                     |  1- 3 |  4- 6 || total
---------------------------+-------+-------++-------
   Fire: Shortbow          |   103 |    66 ||   169
         Orcbow            |       |    71 ||    71
    Use: Scroll            |     3 |     5 ||     8
         Potion            |       |     2 ||     2
 Armour: Leather armour    |     2 |       ||     2
         Ring mail         |       |    31 ||    31
  Dodge: Dodged            |    27 |    49 ||    76

Table legend:
 A = Non-vault XP
 B = Vault XP
 C = Vault XP percentage of total XP
 D = Non-vault monster count
 E = Vault monster count
 F = Vault count percentage of total count
                 A         B        C        D         E       F
            +---------+---------+-------+---------+---------+-------
      Total |     346 |     243 |  41.3 |      72 |       9 |  11.1
            +---------+---------+-------+---------+---------+-------
        D:1 |      36 |       0 |   0.0 |      23 |       0 |   0.0
        D:2 |      83 |       0 |   0.0 |      22 |       0 |   0.0
        D:3 |      37 |      36 |  49.3 |      11 |       1 |   8.3
        D:4 |       8 |      39 |  83.0 |       3 |       2 |  40.0
        D:5 |     182 |     168 |  48.0 |      13 |       6 |  31.6
            +---------+---------+-------+---------+---------+-------
